 Dungeon Crawl Stone Soup version 0.31-a0-174-g85c54bcb58 (webtiles) character file.

Game seed: 10156985705318714572

883 qw the Shooter (level 8, -1/74 HPs)
             Began as a Naga Hunter on June 15, 2023.
             Was an Initiate of Okawaru.
             Slain by an orc
             ... wielding a +0 dagger
              (3 damage)
             ... on level 5 of the Dungeon.
             The game lasted 00:01:15 (3396 turns).

qw the Shooter (Naga Hunter)                        Turns: 3396, Time: 00:01:16

Health: -1/74      AC:  7    Str: 14    XL:     8   Next: 5%
Magic:  8/8        EV: 15    Int:  9    God:    Okawaru [......]
Gold:   200        SH:  0    Dex: 17    Spells: 7/7 levels left

rFire   . . .        Y - +1 shortbow
rCold   . . .        (shield currently unavailable)
rNeg    . . .        c - +0 leather armour
rPois   +            m - +0 helmet
rElec   .            b - +0 cloak
rCorr   .            j - +0 pair of gloves
SInv    +            (no barding)
Will    +....        k - amulet of regeneration
Stlth   ++           g - +5 ring of evasion
HPRegen 1.12/turn    (no ring)
MPRegen 0.11/turn

%: no passive effects
@: very slow
A: AC +2, large, see invisible, deformed body, poison resistance, slowness 2,
spit poison 1, naga tail 1
a: Spit Poison, Renounce Religion


You were on level 5 of the Dungeon.
You worshipped Okawaru.
Okawaru was noncommittal.
You visited 1 branch of the dungeon, and saw 5 of its levels.

You collected 200 gold pieces.


Innate Abilities, Weirdness & Mutations

Your serpentine skin is tough. (AC +2)
You have supernaturally acute eyesight. (SInv)
Armour fits poorly on your strangely shaped body.
Your system is resistant to poisons. (rPois)
You cover ground very slowly.
You can spit poison.
You have a snake-like lower body.


   Skills:
 - Level 5.0 Fighting
 + Level 7.5 Ranged Weapons
 - Level 1.0 Armour
 - Level 2.1 Dodging
 - Level 1.5 Stealth


You had 7 spell levels left.
You didn't know any spells.
Your spell library was empty.

Inventory:

Hand Weapons
 Y - a +1 shortbow (weapon)
Armour
 b - a +0 cloak (worn)
 c - a +0 leather armour (worn)
 j - a +0 pair of gloves (worn)
 m - a +0 helmet (worn)
Jewellery
 g - a +5 ring of evasion (left hand)
 k - an amulet of regeneration (around neck)
Potions
 a - a potion of cancellation
 e - a potion of magic {unknown}
 f - a potion of berserk rage {unknown}
 h - a potion of heal wounds {unknown}
 i - a potion of brilliance {unknown}
 l - a potion of enlightenment {unknown}
 n - a potion of curing {unknown}

Dungeon Overview and Level Annotations

Branches:
Dungeon (5/15)             Temple (0/1) D:4

Altars:
Okawaru
Yredelemnul

Shops:
D:1 (   D:2 *

Annotations:
D:2 1 runed translucent door, Crazy Yiuf


Message History

3392 ||| INVOKING Spit Poison.
Aiming: Spit Poison (1% risk of failure)
Press: ? - help, Shift-Dir - straight line, f/p - gnoll bouda The splash of poison hits the gnoll bouda.
You kill the gnoll bouda!
Okawaru accepts your kill.
Your attacks no longer feel as feeble.
The gnoll hits you but does no damage. The gnoll barely misses you.
The gnoll misses you. The black bear barely misses you.
The black bear closely misses you. The black bear barely misses you.
The orc closely misses you.
A white imp comes into view.
You shoot an arrow. The arrow hits the black bear.
The black bear is moderately wounded.
The gnoll hits you from afar with a +0 spear.
The gnoll hits you with a +0 club. The orc completely misses you.
The gnoll misses you. The black bear closely misses you.
The black bear claws you but does no damage.
The black bear claws you.
You shoot an arrow. The arrow hits the black bear.
The black bear is heavily wounded.
The gnoll hits you from afar with a +0 spear.
The gnoll misses you. The black bear closely misses you.
The black bear misses you. The black bear claws you.
The gnoll hits you but does no damage. The orc hits you with a +0 dagger.
You shoot an arrow. The arrow hits the black bear!
The black bear is almost dead.
The gnoll is no longer moving quickly. x2; The gnoll closely misses you. x2
The gnoll hits you but does no damage. The black bear bites you.
The black bear completely misses you.
The black bear claws you but does no damage.
The orc hits you with a +0 dagger.
You shoot an arrow. The arrow hits the black bear!
You kill the black bear!
Okawaru accepts your kill.
You have got your breath back.
The gnoll hits you but does no damage. The gnoll misses you.
The white imp gestures at you. The puff of frost hits you.
The orc hits you with a +0 dagger.
You die...

#.##.. ###
....(##.#######
.......#.#...#
77........#...## #### .
....#......#..###... ...
7..#...##.#...##...
....77..#.>..##.........
......og......##.#......
......%@....##...#..<...
#....g)g.........#.....#
##.........#....##...#.#
...5....................
#..#....#########.......
#. ##).## ##...#.. # ..#
##..### ... #.##


You could see 3 gnolls, a white imp and an orc.

Vanquished Creatures
  Grinder (D:3)
  Sigmund (D:3)
  2 black bears
  A howler monkey (D:5)
  A gnoll bouda (D:5)
  2 hounds
  3 orc priests
  Terence (D:2)
  4 orc wizards
  An adder (D:4)
  An ufetubus (D:5)
  A worm (D:2)
  A dart slug (D:4)
  10 orcs
  8 ball pythons
  9 endoplasms
  3 giant cockroaches (D:3)
  6 goblins
  5 hobgoblins
  4 jackals
  6 quokkas
  4 bats
  4 frilled lizards
  5 kobolds
  3 rats
87 creatures vanquished.

Notes
Turn   | Place    | Note
-------+----------+-------------------------------------------
     0 | D:1      | qw the Naga Hunter began the quest for the Orb.
     0 | D:1      | Reached XP level 1. HP: 19/19 MP: 1/1
     0 | D:1      | 0 ||| qw: Version: 0.2-a-29-g511e9b1
     0 | D:1      | 0 ||| qw: Game counter: 5546
     0 | D:1      | 0 ||| qw: Always use a shield: true
     0 | D:1      | 0 ||| qw: God list: Okawaru
     0 | D:1      | 0 ||| qw: Allow faded altars: false
     0 | D:1      | 0 ||| qw: Do Orc after D:15 true
     0 | D:1      | 0 ||| qw: Do second Lair branch before Depths: true
     0 | D:1      | 0 ||| qw: Lair rune preference: random
     0 | D:1      | 0 ||| qw: Plans: Normal
     0 | D:1      | 0 ||| PLANNING D:1-11
    73 | D:1      | 73 ||| INVOKING Spit Poison.
    90 | D:1      | Found Aceyx's Antique Weapon Shop.
    98 | D:1      | 98 ||| SHOPLISTING orcbow (70 gold, have 20).
   277 | D:1      | 277 ||| INVOKING Spit Poison.
   281 | D:1      | 281 ||| INVOKING Spit Poison.
   282 | D:1      | 282 ||| INVOKING Spit Poison.
   283 | D:1      | Reached skill level 4 in Ranged Weapons
   283 | D:1      | Reached XP level 2. HP: 26/26 MP: 2/2
   287 | D:1      | 287 ||| INVOKING Spit Poison.
   310 | D:1      | 310 ||| INVOKING Spit Poison.
   384 | D:1      | 384 ||| INVOKING Spit Poison.
   401 | D:1      | 401 ||| INVOKING Spit Poison.
   437 | D:1      | 437 ||| INVOKING Spit Poison.
   446 | D:1      | 446 ||| INVOKING Spit Poison.
   450 | D:1      | 450 ||| INVOKING Spit Poison.
   451 | D:1      | Reached XP level 3. HP: 30/32 MP: 3/3
   555 | D:1      | 555 ||| INVOKING Spit Poison.
   830 | D:1      | 830 ||| READING scroll labelled JETHRI ZIUWAIKH.
   831 | D:1      | 831 ||| DROPPING scroll of butterflies.
   885 | D:2      | 885 ||| INVOKING Spit Poison.
   890 | D:2      | 890 ||| INVOKING Spit Poison.
   895 | D:2      | 895 ||| INVOKING Spit Poison.
   898 | D:2      | 898 ||| STAIRDANCE
   900 | D:1      | 900 ||| INVOKING Spit Poison.
   906 | D:1      | 906 ||| INVOKING Spit Poison.
  1002 | D:2      | Found Xaowops's General Store.
  1015 | D:2      | 1015 ||| SHOPLISTING +6 ring of dexterity (432 gold, have
                  | 60).
  1015 | D:2      | 1015 ||| SHOPLISTING ring of protection from cold (300
                  | gold, have 60).
  1038 | D:2      | 1038 ||| INVOKING Spit Poison.
  1135 | D:2      | Noticed Terence
  1138 | D:2      | 1138 ||| INVOKING Spit Poison.
  1144 | D:2      | 1144 ||| INVOKING Spit Poison.
  1144 | D:2      | HP: 6/30 [Terence/+1 flail of draining (5)]
  1145 | D:2      | Killed Terence
  1146 | D:2      | Reached skill level 5 in Ranged Weapons
  1146 | D:2      | Reached XP level 4. HP: 4/39 MP: 4/4
  1302 | D:2      | 1302 ||| INVOKING Spit Poison.
  1307 | D:2      | 1307 ||| INVOKING Spit Poison.
  1335 | D:2      | 1335 ||| INVOKING Spit Poison.
  1421 | D:2      | Found a runed translucent door.
  1422 | D:2      | Noticed Crazy Yiuf
  1492 | D:2      | 1492 ||| INVOKING Spit Poison.
  1551 | D:2      | 1551 ||| UPGRADING to amulet of the acrobat.
  1556 | D:2      | 1556 ||| DROPPING ring of wizardry.
  1557 | D:2      | 1557 ||| UPGRADING to +5 ring of evasion.
  1558 | D:2      | 1558 ||| READING scroll labelled SYSE HUECWOULO.
  1559 | D:2      | 1559 ||| READING scroll labelled ROYVVE SUT CYI.
  1560 | D:2      | 1560 ||| DRINKING 2 pink potions.
  1622 | D:3      | Noticed Grinder
  1630 | D:3      | 1630 ||| INVOKING Spit Poison.
  1635 | D:3      | Paralysed by Grinder for 4 turns
  1639 | D:3      | Killed Grinder
  1640 | D:3      | Reached XP level 5. HP: 52/52 MP: 5/5
  1640 | D:3      | Reached XP level 6. HP: 61/61 MP: 6/6
  1657 | D:3      | 1657 ||| INVOKING Spit Poison.
  1688 | D:3      | Noticed Sigmund
  1690 | D:3      | 1690 ||| INVOKING Spit Poison.
  1695 | D:3      | 1695 ||| INVOKING Spit Poison.
  1698 | D:3      | Killed Sigmund
  1745 | D:3      | 1745 ||| INVOKING Spit Poison.
  1746 | D:3      | 1746 ||| Stepping ~*~*~tactically~*~*~ (outnumbered).
  1747 | D:3      | 1747 ||| Stepping ~*~*~tactically~*~*~ (outnumbered).
  1749 | D:3      | 1749 ||| INVOKING Spit Poison.
  1752 | D:3      | Reached skill level 6 in Ranged Weapons
  1752 | D:3      | Reached XP level 7. HP: 67/67 MP: 7/7
  1755 | D:3      | 1755 ||| INVOKING Spit Poison.
  1759 | D:3      | 1759 ||| INVOKING Spit Poison.
  1766 | D:3      | 1766 ||| INVOKING Spit Poison.
  1772 | D:3      | 1772 ||| INVOKING Spit Poison.
  1962 | D:3      | 1962 ||| INVOKING Spit Poison.
  1973 | D:3      | 1973 ||| INVOKING Spit Poison.
  1983 | D:3      | Found an iron altar of Okawaru.
  1983 | D:3      | Found a basalt altar of Yredelemnul.
  1984 | D:3      | 1984 ||| PLANNING OKAWARU WORSHIP
  1984 | D:3      | 1984 ||| UPGRADING to +0 cloak.
  1989 | D:3      | 1989 ||| UPGRADING to +0 pair of gloves.
  1994 | D:3      | 1994 ||| READING scroll labelled RUTEUSO GURADE.
  1995 | D:3      | 1995 ||| READING scroll labelled SUGIYT WUUL.
  2000 | D:3      | 2000 ||| READING scroll labelled WIPSOR XOUMER.
  2023 | D:3      | Became a worshipper of Warmaster Okawaru
  2024 | D:3      | 2024 ||| PLANNING D:1-11
  2034 | D:3      | 2034 ||| INVOKING Spit Poison.
  2130 | D:3      | 2130 ||| READING scroll labelled LOAPUU BASM.
  2146 | D:4      | Found a staircase to the Ecumenical Temple.
  2199 | D:4      | 2199 ||| INVOKING Spit Poison.
  2205 | D:4      | 2205 ||| INVOKING Spit Poison.
  2212 | D:4      | 2212 ||| INVOKING Spit Poison.
  2256 | D:4      | 2256 ||| INVOKING Spit Poison.
  2374 | D:4      | 2374 ||| INVOKING Spit Poison.
  2379 | D:4      | 2379 ||| INVOKING Spit Poison.
  2384 | D:4      | 2384 ||| INVOKING Spit Poison.
  2390 | D:4      | 2390 ||| INVOKING Spit Poison.
  2558 | D:4      | 2558 ||| INVOKING Spit Poison.
  2565 | D:4      | 2565 ||| INVOKING Spit Poison.
  2568 | D:4      | 2568 ||| INVOKING Spit Poison.
  2572 | D:4      | Reached skill level 7 in Ranged Weapons
  2573 | D:4      | 2573 ||| INVOKING Spit Poison.
  2579 | D:4      | 2579 ||| INVOKING Spit Poison.
  2583 | D:4      | 2583 ||| INVOKING Spit Poison.
  2590 | D:4      | 2590 ||| INVOKING Spit Poison.
  2742 | D:4      | 2742 ||| INVOKING Spit Poison.
  2853 | D:4      | 2853 ||| INVOKING Spit Poison.
  3251 | D:4      | 3251 ||| UPGRADING to +0 helmet.
  3256 | D:4      | 3256 ||| UPGRADING to amulet of regeneration.
  3266 | D:4      | 3266 ||| DROPPING amulet of the acrobat.
  3332 | D:5      | Entered Level 5 of the Dungeon
  3333 | D:5      | 3333 ||| INVOKING Spit Poison.
  3336 | D:5      | Reached skill level 1 in Armour
  3356 | D:5      | 3356 ||| INVOKING Spit Poison.
  3360 | D:5      | 3360 ||| INVOKING Spit Poison.
  3367 | D:5      | 3367 ||| INVOKING Spit Poison.
  3373 | D:5      | 3373 ||| INVOKING Spit Poison.
  3378 | D:5      | 3378 ||| INVOKING Spit Poison.
  3382 | D:5      | Reached XP level 8. HP: 46/74 MP: 8/8
  3382 | D:5      | 3382 ||| INVOKING Spit Poison.
  3387 | D:5      | HP: 18/74 [black bear (2)]
  3388 | D:5      | 3388 ||| INVOKING Spit Poison.
  3392 | D:5      | 3392 ||| INVOKING Spit Poison.
  3393 | D:5      | HP: 14/74 [gnoll/+0 spear[a gnoll bouda] (1)]
  3394 | D:5      | HP: 6/74 [orc/+0 dagger (3)]
  3395 | D:5      | HP: 2/74 [orc/+0 dagger (2)]
  3396 | D:5      | Slain by an orc

Levels and vault maps discovered:
D:1:      evilmike_arrival_rings, layout_basic, serial_shops, shop
D:2:      layout_rooms, serial_shops, shop, uniq_crazy_yiuf_cottage,
          uniq_terence
D:3:      cheibrodos_pilgrimage, layout_basic, gammafunk_temple_overflow_wave,
          uniq_grinder, uniq_sigmund
D:4:      layout_cave_pods, minmay_temple_entry_junction_2,
          kennysheep_generic_room_10
D:5:      layout_cave_pools, serial_gnoll_camp, gnoll_camp_huts_moat,
          gnoll_camp_mini_sergeant, gnoll_camp_medium_02, gnoll_camp_mini_hut,
          chequers_garden

Skill      XL: |  1  2  3  4  5  6  7 |
---------------+----------------------+-----
Ranged Weapons | 4 5 6 7 |  7.5
Fighting       | 5 |  5.0
Dodging        | 2 |  2.1
Armour         | 1 |  1.0
Stealth        | |  1.5

Action                     |  1- 3 |  4- 6 |  7- 9 || total
---------------------------+-------+-------+-------++-------
   Fire: Shortbow          |    61 |    40 |   121 ||   222
Ability: Spit Poison       |    19 |    10 |    33 ||    62
    Use: Scroll            |     1 |     2 |     4 ||     7
         Potion            |       |     1 |       ||     1
 Armour: Leather armour    |    15 |     3 |    64 ||    82
  Dodge: Dodged            |    19 |    10 |   221 ||   250

Table legend:
 A = Non-vault XP
 B = Vault XP
 C = Vault XP percentage of total XP
 D = Non-vault monster count
 E = Vault monster count
 F = Vault count percentage of total count
                 A         B        C        D         E       F
            +---------+---------+-------+---------+---------+-------
      Total |     689 |     699 |  50.4 |      76 |      11 |  12.6
            +---------+---------+-------+---------+---------+-------
        D:1 |      40 |       0 |   0.0 |      24 |       0 |   0.0
        D:2 |      32 |      36 |  52.9 |      17 |       1 |   5.6
        D:3 |      14 |     620 |  97.8 |       8 |       9 |  52.9
        D:4 |     286 |      43 |  13.1 |      19 |       1 |   5.0
        D:5 |     317 |       0 |   0.0 |       8 |       0 |   0.0
            +---------+---------+-------+---------+---------+-------
